 Dungeon Crawl Stone Soup version 0.30.0-18-gc0e69614cb (webtiles) character file.

Game seed: 12226579919883272112

364 KittyFluff the Cudgeller (level 6, 0/57 HPs)
             Began as a Gargoyle Berserker on May 23, 2023.
             Was a Priest of Trog.
             Slain by a ball python (1 damage)
             ... in a sewer.
             The game lasted 00:15:23 (2948 turns).

KittyFluff the Cudgeller (Gargoyle Berserker)       Turns: 2948, Time: 00:15:23

Health: 0/57       AC:  9    Str: 32    XL:     6   Next: 67%
Magic:  6/6        EV:  9    Int:  8    God:    Trog [***...]
Gold:   172        SH:  0    Dex: 11    Spells: 5/5 levels left

rFire   . . .        a - +0 mace
rCold   . . .        (no shield)
rNeg    + . .        m - +0 leather armour
rPois   ∞            (no helmet)
rElec   +            (no cloak)
rCorr   .            B - +0 pair of gloves
SInv    .            (no boots)
Will    .....        (no amulet) Stlth
                     b - +6 ring of strength
HPRegen 0.29/turn    l - +6 ring of strength
MPRegen 0.10/turn

%: no passive effects
@: berserking (expiring), constricted, slow
A: sickness immunity, AC +4, negative energy resistance 1, electricity
resistance, torment resistance 1, petrification resistance
a: Renounce Religion, Berserk, Trog's Hand


You were in a sewer.
You worshipped Trog.
Trog was most pleased with you.
You visited 1 branch of the dungeon, and saw 4 of its levels.
You also visited: Sewer.

You collected 172 gold pieces.

Inventory:

Hand Weapons
 a - a +0 mace (weapon)
Missiles
 y - 5 poisoned darts (quivered)
Armour
 e - a +0 scale mail of cold resistance
 m - a +0 leather armour (worn)
 B - a +0 pair of gloves (worn)
 E - a +0 tower shield
Jewellery
 b - a +6 ring of strength (left hand)
 i - a ring of protection from cold
 l - a +6 ring of strength (right hand)
 u - an amulet of faith
 A - a ring of magical power
Wands
 t - a wand of mindburst (20)
 v - a wand of flame (4)
Scrolls
 h - 3 scrolls of fog {unknown}
 j - a scroll of enchant weapon {unknown}
 k - 2 scrolls of teleportation
 o - a scroll of poison {unknown}
 p - a scroll of immolation {unknown}
 q - 2 scrolls of fear {unknown}
 s - a scroll of magic mapping {unknown}
 x - a scroll of amnesia {unknown}
 D - a scroll of noise {unknown}
Potions
 c - 2 potions of attraction
 d - 2 potions of heal wounds
 f - 2 potions of degeneration {unknown}
 g - 2 potions of brilliance {unknown}
 n - 2 potions of curing
 r - a potion of ambrosia {unknown}
 w - a potion of mutation {unknown}
 z - a potion of magic {unknown}
 C - a potion of berserk rage {unknown}
 F - a potion of might {unknown}
 G - a potion of resistance {unknown}


   Skills:
 + Level 4.3 Fighting
 + Level 5.3 Maces & Flails
 * Level 3.9 Armour
 + Level 2.6 Dodging
 + Level 1.1 Stealth


You had 5 spell levels left.
You didn't know any spells.
Your spell library was empty.

Dungeon Overview and Level Annotations

Branches:
Dungeon (4/15)              Sewer (1/1)
 Temple: D:4-7

Altars:
Gozag

Shops:
D:3 [


Innate Abilities, Weirdness & Mutations

You are immune to sickness and miasma.
Your stone body is resilient. (AC +4)
You are immune to poison.
You resist negative energy. (rN+)
You are resistant to electric shocks. (rElec)
You are resistant to unholy torment.
You are immune to petrification.


Message History

The bullfrog hits you but does no damage.
The ball python bites you but does no damage.
The adder barely misses you.
You hit the bullfrog.
The bullfrog is severely wounded.
The adder bites you but does no damage. The ball python barely misses you.
The ball python constricts you. The bullfrog barely misses you.
The adder misses you.
Your unstable footing causes you to fumble your attack.
The ball python bites you but does no damage.
The adder bites you but does no damage. The bullfrog closely misses you.
The ball python closely misses you. The ball python constricts you.
The adder closely misses you.
Your unstable footing causes you to fumble your attack.
The ball python closely misses you.
The bullfrog hits you but does no damage.
The adder bites you.
* * * LOW HITPOINT WARNING * * *
The ball python bites you but does no damage.
The ball python constricts you.
* * * LOW HITPOINT WARNING * * *
Your unstable footing causes you to fumble your attack.
The adder bites you.
* * * LOW HITPOINT WARNING * * *
The bullfrog hits you but does no damage.
The ball python barely misses you. The adder bites you but does no damage.
The ball python bites you but does no damage.
The ball python constricts you.
* * * LOW HITPOINT WARNING * * *
You are too berserk!
You barely miss the bullfrog.
The bullfrog is severely wounded.
The adder closely misses you.
The bullfrog hits you but does no damage.
The ball python barely misses you. The adder barely misses you.
You miss the bullfrog.
The bullfrog is severely wounded.
The bullfrog hits you but does no damage.
The adder barely misses you. The ball python bites you.
You die...

##...............##
#.........#.......#
##......##'##......##
#......##..###......#
##.~~.###..# ##.~.~.#
#≈≈≈~≈≈##### #≈≈≈†≈≈#
#≈≈≈~≈≈# #≈≈≈~≈≈#
#≈≈S~≈≈# #≈~~≈≈≈#
#≈≈S@F≈# #~≈≈≈≈≈#
#≈≈S≈S≈# #~†≈≈≈≈#
#≈#~≈≈≈# #≈...~≈#
#≈~≈≈≈≈# #≈.....#
#≈.≈≈≈≈# #≈~~~~##
#≈.≈≈≈≈# #≈≈≈≈~~#
#≈~≈≈≈≈# #≈≈≈≈≈~#
#≈≈~≈≈≈# #≈≈≈~~≈#
#≈≈~~≈≈# #≈≈~≈≈≈#


You could see a bullfrog, 2 adders and 2 ball pythons.

Vanquished Creatures
  A bullfrog (Sewer)
  A hound (D:3)
  An orc priest (D:3)
  Terence (D:3)
  8 adders
  5 river rats (Sewer)
  2 worms
  3 dart slugs
  6 orcs (D:3)
  7 endoplasms
  A giant cockroach (D:2)
  8 goblins
  4 hobgoblins
  5 quokkas
  6 ball pythons
  3 bats
  4 frilled lizards (Sewer)
  4 kobolds
  28 rats
98 creatures vanquished.

Notes
Turn   | Place    | Note
-------+----------+-------------------------------------------
     0 | D:1      | KittyFluff the Gargoyle Berserker began the quest for the
                  | Orb.
     0 | D:1      | Reached XP level 1. HP: 14/14 MP: 1/1
   189 | D:1      | Reached XP level 2. HP: 19/19 MP: 2/2
   568 | D:1      | Reached XP level 3. HP: 24/24 MP: 3/3
   938 | D:2      | Reached ** piety under Trog
  1060 | D:2      | Found a faded altar of an unknown god.
  1237 | D:2      | Reached XP level 4. HP: 28/29 MP: 4/4
  1368 | D:3      | Noticed Terence
  1376 | D:3      | Reached skill level 4 in Maces & Flails
  1392 | D:3      | Killed Terence
  1506 | D:3      | Found an opulent altar of Gozag.
  1620 | D:3      | Reached skill level 1 in Stealth
  1620 | D:3      | Reached XP level 5. HP: 33/33 MP: 5/5
  1716 | D:3      | Found Qothraa's Antique Armour Emporium.
  2360 | D:4      | Found a glowing drain.
  2403 | Sewer    | Entered a sewer
  2425 | Sewer    | Reached XP level 6. HP: 38/38 MP: 6/6
  2640 | Sewer    | Reached skill level 5 in Maces & Flails
  2656 | Sewer    | Reached *** piety under Trog
  2946 | Sewer    | HP: 2/57 [adder (3)]
  2948 | Sewer    | Slain by a ball python

Illustrated notes

Levels and vault maps discovered:
D:1:      beargit_arrival_greenhouse, layout_basic
D:2:      layout_basic, basic_ecumenical_altar
D:3:      layout_basic, grunt_gozag_breadcrumbs, serial_shops,
          nicolae_shop_crystal, minmay_hedge_maze, minivault_24,
          minmay_misc_feat_hallway, uniq_terence
D:4:      layout_gridville, minmay_temple_entry_statues_fountains, serial_shops,
          shop, portal_sewer_entry_a
Sewer:    sewer_minmay_w

Skill      XL: |  1  2  3  4  5  6 |
---------------+-------------------+-----
Dodging        | 2 |  2.6
Maces & Flails | 4 5 |  5.3
Fighting       | 4 |  4.3
Armour         | 3 |  3.9
Stealth        | 1 |  1.1

Action                     |  1- 3 |  4- 6 || total
---------------------------+-------+-------++-------
  Melee: Mace              |   103 |   234 ||   337
         Punch             |     2 |     1 ||     3
 Invoke: Berserk           |       |     2 ||     2
    Use: Scroll            |       |     3 ||     3
   Stab: Sleeping          |     2 |       ||     2
 Armour: Animal skin       |    38 |       ||    38
         Leather armour    |     1 |   127 ||   128
  Dodge: Dodged            |    70 |   175 ||   245
